 Dungeon Crawl Stone Soup version 0.22.1-1-ga44c0e56f4 (webtiles) character file.

58 Ivernyr the Magician (level 4, -1/36 HPs)
             Began as a Naga Wizard on Oct 26, 2018.
             Slain by a hobgoblin (5 damage)
             ... led by Robin
             ... on level 2 of the Dungeon on Oct 27, 2018.
             The game lasted 00:08:33 (1825 turns).

Ivernyr the Magician (Naga Wizard)                  Turns: 1825, Time: 00:08:33

Health: -1/36      AC:  3    Str: 10    XL:     4   Next: 2%
Magic:  9/9        EV: 10    Int: 19    God:
Gold:   85         SH:  0    Dex:  9    Spells: 1/10 levels left

rFire    . . .     SeeInvis +   f - +0 whip
rCold    . . .     Gourm    .   (no shield)
rNeg     . . .     Faith    .   a - +0 robe
rPois    +         Spirit   .   (no helmet)
rElec    .         Reflect  .   (no cloak)
rCorr    .         Harm     .   l - +0 pair of gloves (curse)
MR       .....                  (no barding)
Stlth    +.........             (no amulet)
HPRegen  0.12/turn              i - ring of attention (curse)
MPRegen  0.11/turn              (no ring)

@: very slow
A: large, see invisible, deformed body, poison resistance, slowness 2, slow
metabolism 1, spit poison 1, AC +1
a: Spit Poison


You were on level 2 of the Dungeon.
You were very hungry.

You visited 1 branch of the dungeon, and saw 2 of its levels.

You collected 85 gold pieces.

Inventory:

Hand Weapons
 f - a +0 whip (weapon)
Armour
 a - a +0 robe (worn)
 l - a cursed +0 pair of gloves (worn)
Jewellery
 i - a cursed ring of attention (left hand)
Scrolls
 b - a scroll of fog {unknown}
 c - a scroll of identify {unknown}
 k - a scroll of fear {unknown}
 n - 3 scrolls of teleportation {unknown}
Potions
 e - a potion of cancellation {unknown}
 g - 2 potions of agility {unknown}
 h - a potion of lignification {unknown}
 j - a potion of mutation {unknown}
 m - a potion of might {unknown}
 o - a potion of heal wounds {unknown}
Comestibles
 d - 2 rations


   Skills:
 - Level 1.5 Dodging
 - Level 3.0 Stealth
 + Level 3.8 Spellcasting
 + Level 2.6 Conjurations
   Level 1.0 Summonings
 - Level 1.0 Translocations


You had one spell level left.
You knew the following spells:

 Your Spells              Type           Power        Failure   Level  Hunger
a - Magic Dart            Conj           ##..         4%          1    None
b - Blink                 Tloc           N/A          14%         2    ##.....
c - Conjure Flame         Conj/Fire      #.......     24%         3    ###....
d - Mephitic Cloud        Conj/Pois/Air  #.......     28%         3    ###....

Your spell library contained the following spells:

 Spells                   Type           Power        Failure   Level  Hunger
 Call Imp                 Summ           #.......     14%         2    ##.....
 Slow                     Hex            #.......     22%         2    ##.....


Dungeon Overview and Level Annotations

Branches:
Dungeon (2/15)

Altars:

Annotations:
D:2 Robin


Innate Abilities, Weirdness & Mutations

You cannot wear boots.
Your serpentine skin is tough. (AC +1)
You have supernaturally acute eyesight. (SInv)
Armour fits poorly on your strangely shaped body.
Your system is resistant to poisons. (rPois)
You cover ground very slowly.
You have a slow metabolism.
You can spit poison.


Message History

Robin roars a battlecry!
The goblins go into a battle-frenzy!
The goblin barely misses you.
The goblin no longer looks unusually strong.
Robin roars a battlecry!
The goblin goes into a battle-frenzy!
The goblin hits you but does no damage. The goblin hits you.
* * * LOW HITPOINT WARNING * * *
Robin roars a battlecry!
The hobgoblin hits you.
* * * LOW HITPOINT WARNING * * *
The hobgoblin closely misses you.
There is a stone staircase leading up here.
The goblin hits you but does no damage.
The hobgoblin no longer looks unusually strong.
Robin roars a battlecry!
The hobgoblin goes into a battle-frenzy!
The hobgoblin hits you but does no damage.
The hobgoblin hits you.
You die...

.. ######
..###########....#######
...........##....#......
............)...........
...........##...........
.......(...######.......
...........#### #.......
#.....@g.....# ##......
#..รท...gg....#####.....
#.......g.#....#....#..
#####.#g##gg.......#...#
..(.#.....o............#
.......[.<..######.....#
...(...g.........#......
............####........
............###.........


You could see Robin, an orc, 3 hobgoblins and 4 goblins.

Vanquished Creatures
  An adder (D:2)
  3 dart slugs
  A leopard gecko (D:2)
  A giant cockroach (D:2)
  7 goblins
  2 hobgoblins
  4 jackals (D:1)
  8 kobolds (D:1)
  6 bats (D:1)
  A frilled lizard (D:1)
  6 rats
40 creatures vanquished.

Notes
Turn   | Place    | Note
-------+----------+-------------------------------------------
     0 | D:1      | Ivernyr the Naga Wizard began the quest for the Orb.
     0 | D:1      | Reached XP level 1. HP: 15/15 MP: 4/4
   165 | D:1      | Reached XP level 2. HP: 22/22 MP: 3/6
   197 | D:1      | Learned a level 2 spell: Blink
   887 | D:1      | Reached XP level 3. HP: 27/28 MP: 5/7
   999 | D:1      | Learned a level 3 spell: Conjure Flame
  1003 | D:1      | Learned a level 3 spell: Mephitic Cloud
  1682 | D:2      | Reached XP level 4. HP: 36/36 MP: 3/9
  1793 | D:2      | Noticed Robin
  1825 | D:2      | Slain by a hobgoblin

Skill      XL: |  1  2 |
---------------+-------+-----
Conjurations   | 2 |  2.6
Dodging        | |  1.5
Stealth        | |  3.0
Spellcasting   | |  3.8
Summonings     | |  1.0
Translocations | |  1.0

Action                   |  1- 3 |  4- 6 || total
-------------------------+-------+-------++-------
Melee: Unarmed           |     3 |       ||     3
       Whip              |    37 |     4 ||    41
 Cast: Magic Dart        |    70 |     3 ||    73
 Abil: Spit Poison       |    11 |       ||    11
  Eat: Chunk             |     1 |       ||     1
Armor: Robe              |    21 |     5 ||    26
Dodge: Dodged            |    37 |    14 ||    51
